 Dungeon Sprint DCSS version 0.31.0 (webtiles) character file.

Game seed: 7075463285796554129

257 Groucho the Sluggish Naga (level 6, -10/58 HPs)
             Began as a Naga Warper on Jan 19, 2024.
             Was an Initiate of Cheibriados.
             Mangled by a gnoll sergeant
             ... wielding a +0 trident
              (13 damage)
             ... in the Dungeon (Sprint IX: "|||||||||||||||||||||||||||||").
             The game lasted 00:03:11 (967 turns).

Groucho the Sluggish Naga (Naga Warper)              Turns: 967, Time: 00:03:11

Health: -10/58     AC:  3    Str: 22    XL:     6   Next: 16%
Magic:  12/12      EV: 10    Int: 14    God:    Cheibriados [......]
Gold:   0          SH:  0    Dex: 12    Spells: 7/13 levels left

rFire   . . .        a - +0 spear
rCold   . . .        (no shield)
rNeg    . . .        b - +0 leather armour
rPois   +            (no helmet)
rElec   .            (no cloak)
rCorr   .            (no gloves)
SInv    +            (no barding)
Will    .....        (no amulet)
Stlth   +            m - +3 ring of strength
HPRegen 0.29/turn    o - +3 ring of strength
MPRegen 0.13/turn

%: no teleportation
@: very slow
A: AC +2, large, see invisible, deformed body, poison resistance, slowness 2,
spit poison 1, naga tail 1
a: Spit Poison, Renounce Religion


You were in the Dungeon.
You worshipped Cheibriados.
Cheibriados was noncommittal.
You visited 1 branch

Inventory:

Hand Weapons
 a - a +0 spear (weapon)
 k - a +2 halberd of protection
Missiles
 d - 7 darts of dispersal (quivered)
Armour
 b - a +0 leather armour (worn)
 l - a +0 cloak
 n - a +1 chain mail
Jewellery
 m - a +3 ring of strength (left hand)
 o - a +3 ring of strength (right hand)
Wands
 j - a wand of roots (10)
Scrolls
 c - 3 scrolls of blinking
 i - 2 scrolls of amnesia
Potions
 e - 3 potions of curing
 h - 4 potions of magic


   Skills:
 + Level 4.7 Fighting
 + Level 4.8 Polearms
 - Level 0.8 Throwing
 + Level 3.5 Armour
 + Level 3.8 Dodging
 + Level 4.2 Spellcasting
 + Level 5.1 Translocations
 * Level 6.6 Invocations


You had 7 spell levels left.
You knew the following spells:

 Your Spells              Type           Power      Damage    Failure   Level
a - Blink                 Tloc           34%        N/A       4%          2
b - Vhi's Electric Charg  Tloc/Air       20%        N/A       58%         4

Your spell library contained the following spells:

 Spells                   Type           Power      Damage    Failure   Level
 Lesser Beckoning         Tloc           34%        N/A       4%          2
 Teleport Other           Tloc           17%        N/A       8%          3
 Manifold Assault         Tloc           17%        N/A       26%         4


Dungeon Overview and Level Annotations

Branches:
Dungeon (1/1)

Altars:
Cheibriados
Dithmenos
Elyvilon
Fedhas
Gozag
Hepliaklqana
Kikubaaqudgha
Makhleb
Nemelex Xobeh
Okawaru
Qazlal
Ru
Sif Muna
Trog
Uskayaw
Vehumet
Wu Jian
Xom
Yredelemnul
Zin
The Shining One
Jiyva
Lugonu


Innate Abilities, Weirdness & Mutations

Your serpentine skin is tough. (AC +2)
You have supernaturally acute eyesight. (SInv)
Armour fits poorly on your strangely shaped body.
Your system is resistant to poisons. (rPois)
You cover ground very slowly.
You can spit poison.
You have a snake-like lower body.


Message History

The gnoll sergeant is severely wounded.
The gnoll sergeant barely misses you.
You barely miss the gnoll sergeant.
The gnoll sergeant is severely wounded.
The gnoll sergeant hits you with a +0 trident.
You hit the gnoll sergeant but do no damage.
The gnoll sergeant is severely wounded.
The gnoll sergeant hits you with a +0 trident!
* * * LOW HITPOINT WARNING * * *
You hit the gnoll sergeant but do no damage.
The gnoll sergeant is severely wounded.
The gnoll sergeant barely misses you.
Unknown command.
Unknown command.
You feel better.
The gnoll sergeant hits you with a +0 trident!
* * * LOW HITPOINT WARNING * * *
You feel better.
The gnoll sergeant hits you with a +0 trident.
* * * LOW HITPOINT WARNING * * *
Unknown command.
Unknown command.
You completely miss the gnoll sergeant.
The gnoll sergeant is severely wounded.
You barely miss the gnoll sergeant.
The gnoll sergeant is severely wounded.
The gnoll sergeant hits you with a +0 trident.
* * * LOW HITPOINT WARNING * * *
Unknown command.
You hit the gnoll sergeant but do no damage.
The gnoll sergeant is severely wounded.
The gnoll sergeant barely misses you.
You barely miss the gnoll sergeant.
The gnoll sergeant is severely wounded.
The gnoll sergeant hits you with a +0 trident!
* * * LOW HITPOINT WARNING * * *
You barely miss the gnoll sergeant.
The gnoll sergeant is severely wounded.
The gnoll sergeant hits you with a +0 trident!
You die...

▓.▓
▓)▓
▓.▓
▓.▓
▓[▓
▓.▓
▓.▓
▓.▓
▓@▓
▓g▓
▓Y▓
▓z▓
▓o▓
▓c▓
▓o▓
▓+▓


You could see a yak, a gnoll sergeant, a centaur, a wight and 2 orc wizards.

Vanquished Creatures
  An ogre (D)
  A phantom (D)
  2 bombardier beetles (D)
  A sleepcap (D)
  An endoplasm (D)
  A hobgoblin (D)
  A bat (D)
  A frilled lizard (D)
  A rat (D)
10 creatures vanquished.

Notes
Turn   | Place    | Note
-------+----------+-------------------------------------------
     0 | D        | Groucho the Naga Warper began the quest for the Orb.
     0 | D        | Reached XP level 1. HP: 19/19 MP: 3/3
    16 | D        | Reached skill level 1 in Armour
    16 | D        | Reached skill level 1 in Invocations
    26 | D        | Banished a spatial maelstrom
   382 | D        | Noticed a sleepcap
   382 | D        | Noticed a phantom
   382 | D        | Noticed a bombardier beetle
   382 | D        | Noticed a bombardier beetle
   382 | D        | Noticed an ogre
   393 | D        | Killed a phantom
   394 | D        | Reached skill level 4 in Invocations
   394 | D        | Reached XP level 2. HP: 28/28 MP: 4/6
   394 | D        | Reached XP level 3. HP: 34/34 MP: 4/7
   394 | D        | Reached XP level 4. HP: 42/42 MP: 4/8
   403 | D        | Reached skill level 5 in Invocations
   403 | D        | Reached XP level 5. HP: 50/50 MP: 4/10
   409 | D        | Killed an ogre
   410 | D        | Reached skill level 5 in Translocations
   410 | D        | Reached skill level 6 in Invocations
   410 | D        | Reached XP level 6. HP: 50/58 MP: 5/12
   798 | D        | Found a snail-covered altar of Cheibriados.
   798 | D        | Found a shadowy altar of Dithmenos.
   798 | D        | Found a white marble altar of Elyvilon.
   798 | D        | Found a blossoming altar of Fedhas.
   798 | D        | Found an opulent altar of Gozag.
   799 | D        | Found a hazy altar of Hepliaklqana.
   800 | D        | Found a viscous altar of Jiyva.
   801 | D        | Found an ancient bone altar of Kikubaaqudgha.
   802 | D        | Found a corrupted altar of Lugonu.
   804 | D        | Became a worshipper of Cheibriados the Contemplative
   806 | D        | Found a burning altar of Makhleb.
   807 | D        | Found a sparkling altar of Nemelex Xobeh.
   808 | D        | Found an iron altar of Okawaru.
   809 | D        | Found a stormy altar of Qazlal.
   810 | D        | Found a sacrificial altar of Ru.
   811 | D        | Found a shimmering blue altar of Sif Muna.
   812 | D        | Found a bloodstained altar of Trog.
   813 | D        | Found a hide-covered altar of Uskayaw.
   814 | D        | Found a radiant altar of Vehumet.
   815 | D        | Found an ornate altar of the Wu Jian Council.
   816 | D        | Found a shimmering altar of Xom.
   817 | D        | Found a basalt altar of Yredelemnul.
   818 | D        | Found a glowing silver altar of Zin.
   819 | D        | Found a glowing golden altar of the Shining One.
   853 | D        | Learned a level 2 spell: Blink
   858 | D        | Learned a level 4 spell: Vhi's Electric Charge
   859 | D        | Noticed a yak
   967 | D        | Mangled by a gnoll sergeant

Illustrated notes

Levels and vault maps discovered:
D:        linesprint [early_d, line_temple, items_1, d_10, items_2, lair_1,
          lair_end, items_3, orc_1, orc_end, items_4, d_15, swamp_1, shoals_1,
          snake_1, spider_1, d_20, vaults_1, items_5, swamp_end, shoals_end,
          snake_end, spider_end, vaults_end, d_27, items_6, zot_1, zot_end,
          crypt_end, forest_end, elf_end, slime_end, tomb_end, abyss_end,
          pan_hell_end]

Skill      XL: |  1  2  3  4  5 |
---------------+----------------+-----
Armour         | 2 3 |  3.5
Invocations    | 4 5 6 |  6.6
Fighting       | 3 4 |  4.7
Polearms       | 3 4 |  4.8
Dodging        | 2 3 |  3.8
Spellcasting   | 3 4 |  4.2
Translocations | 4 5 |  5.1
Throwing       | |  0.8

Action                     |  1- 3 |  4- 6 || total
---------------------------+-------+-------++-------
  Melee: Spear             |    31 |    47 ||    78
         Punch             |       |     1 ||     1
    Use: Potion            |     3 |     5 ||     8
   Stab: Invisible         |       |     4 ||     4
         Sleeping          |       |     1 ||     1
 Armour: Leather armour    |    17 |    21 ||    38
  Dodge: Dodged            |    14 |    11 ||    25
